 Dungeon Crawl Stone Soup version 0.20.1-1-g8b1a95d (webtiles) character file.

253 Jazqa the Skirmisher (level 6, -2/41 HPs)
             Began as a Gargoyle Monk on Oct 31, 2017.
             Was a Believer of the Shining One.
             Slain by a gnoll
             ... wielding a +0 spear
              (6 damage)
             ... on level 3 of the Dungeon.
             The game lasted 00:02:59 (1900 turns).

Jazqa the Skirmisher (Gargoyle Monk)                Turns: 1900, Time: 00:03:00

Health: -2/41      AC:  8    Str: 21    XL:     6   Next: 14%
Magic:  6/6        EV: 15    Int: 11    God:    the Shining One [**....]
Gold:   146        SH:  8    Dex: 17    Spells: 5/5 levels left

rFire    . . .     SeeInvis .   a - +0 mace
rCold    . . .     Gourm    .   w - +0 shield
rNeg     + + .     Faith    .   b - +0 robe
rPois    ∞         Spirit   .   (no helmet)
rElec    +         Reflect  .   (no cloak)
rCorr    .         Harm     .   (no gloves)
MR       .....                  f - +1 pair of boots
Stlth    ++........             (no amulet)
Regen    0.2/turn               (no ring)
MPRegen  0.1/turn               (no ring)

@: mighty, agile, glowing
A: negative energy resistance 1, electricity resistance, unbreathing,
petrification resistance, rot immunity, AC +4
a: Divine Shield, Renounce Religion


You were on level 3 of the Dungeon.
You worshipped the Shining One.
The Shining One was pleased with you.
You were hungry.

You visited 1 branch of the dungeon, and saw 3 of its levels.

You collected 146 gold pieces.


Innate Abilities, Weirdness & Mutations

You are resistant to torment.
Your stone body is resilient. (AC +4)
You are immune to poison.
You resist negative energy. (rN+)
You are resistant to electric shocks. (rElec)
You can survive without breathing.
You are immune to petrification.
You are immune to rotting.


   Skills:
 + Level 5.8 Fighting
 + Level 5.0 Maces & Flails
 - Level 2.4 Dodging
 - Level 2.1 Stealth


You had 5 spell levels left.
You didn't know any spells.

Inventory:

Hand Weapons
 a - a +0 mace (weapon)
Armour
 b - a +0 robe (worn)
 f - a +1 pair of boots (worn)
 w - a +0 shield (worn)
Scrolls
 d - 2 scrolls of enchant weapon {unknown}
 g - a scroll of remove curse {unknown}
 h - 3 scrolls of blinking {unknown}
 i - 2 scrolls of identify {unknown}
 k - a scroll of immolation {unknown}
 l - 2 scrolls of magic mapping {unknown}
 o - a scroll of amnesia {unknown}
Potions
 e - a potion of might
 j - a potion of haste {unknown}
 m - a potion of magic {unknown}
 p - a potion of heal wounds {unknown}
 q - a potion of flight {unknown}
 r - a potion of cancellation {unknown}
 s - a potion of degeneration {unknown}
 x - a potion of agility
 z - a potion of mutation {unknown}
Comestibles
 c - 4 bread rations {@e1}
 n - 7 fruits {@e2}
 t - a meat ration {@e1}
 u - 10 chunks of flesh
 v - a royal jelly {@e3}

Dungeon Overview and Level Annotations

Branches:
Dungeon (3/15)

Altars:
Dithmenos
Vehumet
Xom
The Shining One

....##### #..........# #
....)..(#####.......(..## #
###.###.................## #
.##.#
#######...........)##### #
..#.## ##..........#.)...####
#....# #..#..(....).####.....
###..# #.##.........# ###....
#..#####
#.##.g.......###...###
#......###.##>@)......##..###
# #.####.....##.........##.##
# ##.###....####.........##.#
# #.......#.# #.........##.#
##.......#.####.........##.#
.#.......#.....##.#######..#
..)<.....#####......##....##
.#.......# ###.##.##.####
.#.......# ##.##....#


You could see a gnoll.


Message History

Unknown command.
You completely miss the gnoll.
The gnoll is moderately wounded.
You block the gnoll's attack. The gnoll misses you. x2
You hit the gnoll but do no damage.
The gnoll is moderately wounded.
The gnoll hits you but does no damage. You block the gnoll's attack.
The gnoll misses you.
Unknown command.
Your shield prevents you from hitting the gnoll.
The gnoll is moderately wounded.
The gnoll hits you from afar with a spear!
* * * LOW HITPOINT WARNING * * *
The gnoll hits you with a club. The Shining One protects you from harm!
Unknown command.
It was a potion of might.
You feel very mighty all of a sudden. The gnoll barely misses you.
The gnoll closely misses you.
You hit the gnoll.
The gnoll is moderately wounded.
The gnoll misses you. You block the gnoll's attack.
You sock the gnoll!
You kill the gnoll!
You block the gnoll's attack. The gnoll closely misses you.
You block the gnoll's attack.
You hit the gnoll.
The gnoll is moderately wounded.
The gnoll hits you with a spear.
You die...

Skill      XL: |  1  2  3  4  5  6 |
---------------+-------------------+-----
Fighting       | 4 5 |  5.8
Maces & Flails | 4 5 |  5.0
Dodging        | |  2.4
Stealth        | |  2.1

Action                   |  1- 3 |  4- 6 || total
-------------------------+-------+-------++-------
Melee: Mace              |    95 |    97 ||   192
Invok: Divine Shield     |     1 |     1 ||     2
  Use: Potion            |       |     4 ||     4
 Stab: Sleeping          |     4 |       ||     4
  Eat: Chunk             |       |     3 ||     3
Armor: Robe              |    27 |    39 ||    66
Dodge: Dodged            |    81 |    62 ||   143
Block: Other             |     9 |       ||     9
       Shield            |       |    55 ||    55

Vault maps used:
D:1:      minmay_arrival_loop, grunt_decor_arrowhead
D:2:      chequers_temple_overflow_statue_of_worship, grunt_dithmenos_smoke,
          minmay_randomly_rotated_circles, uniq_natasha
D:3:      lemuel_altar_in_water2

Notes
Turn   | Place    | Note
-------+----------+-------------------------------------------
     0 | D:1      | Jazqa the Gargoyle Monk began the quest for the Orb.
     0 | D:1      | Reached XP level 1. HP: 14/14 MP: 1/1
   133 | D:1      | Reached XP level 2. HP: 15/19 MP: 2/2
   300 | D:1      | Reached skill level 4 in Fighting
   460 | D:1      | Reached XP level 3. HP: 24/24 MP: 3/3
   524 | D:2      | Found a radiant altar of Vehumet.
   526 | D:2      | Found a glowing golden altar of the Shining One.
   567 | D:2      | Became a worshipper of the Shining One
   567 | D:2      | Reached * piety under the Shining One
   567 | D:2      | Reached ** piety under the Shining One
  1033 | D:2      | Found a shadowy altar of Dithmenos.
  1041 | D:2      | Reached XP level 4. HP: 28/30 MP: 4/4
  1070 | D:2      | Noticed Natasha
  1080 | D:2      | Killed Natasha
  1080 | D:2      | Reached skill level 4 in Maces & Flails
  1120 | D:2      | Noticed Natasha
  1128 | D:2      | Killed Natasha
  1199 | D:2      | Noticed Natasha
  1217 | D:2      | Killed Natasha
  1217 | D:2      | Reached skill level 5 in Fighting
  1217 | D:2      | Reached XP level 5. HP: 17/35 MP: 5/5
  1686 | D:3      | Found a shimmering altar of Xom.
  1688 | D:3      | Reached XP level 6. HP: 40/40 MP: 6/6
  1866 | D:3      | Reached skill level 5 in Maces & Flails
  1895 | D:3      | HP: 4/41 [gnoll/spear (7)]
  1895 | D:3      | The Shining One protects you from harm!
  1900 | D:3      | Slain by a gnoll

Vanquished Creatures
  An orc wizard (D:3)
  An orc priest (D:3)
  Natasha (thrice) (D:2)
  2 gnolls (D:3)
  2 adders
  2 oozes
  2 worms
  A dart slug (D:1)
  2 leopard geckos
  4 orcs (D:3)
  A ball python (D:1)
  6 giant cockroaches
  6 goblins
  6 hobgoblins
  2 quokkas (D:2)
  5 bats
  4 frilled lizards
  7 kobolds
  7 rats
64 creatures vanquished.
